 Dungeon Crawl Stone Soup version bcrawl-1.21.2-28-g2cb1824106 (webtiles) character file.

Game seed: 5250095566561587918

45 MisterOstroum the Shield-Bearer (level 3, 0/23 HPs)
             Began as a Skeleton Fighter on Mar 16, 2020.
             Slain by a gnoll
             ... wielding a +0 spear
              (4 damage)
             ... on level 2 of the Dungeon.
             The game lasted 00:00:58 (1132 turns).

MisterOstroum the Shield-Bearer (Skeleton Fighter)  Turns: 1132, Time: 00:00:59

Health: 0/23       AC:  6    Str: 26 (27) XL:     3   Next: 42%
Magic:  0/3        EV: 10    Int:  6      God:
Gold:   86         SH:  0    Dex:  8      Spells: 2/2 levels left

rFire    . . .     SeeInvis +   a - +0 war axe
rCold    + . .     Gourm    .   (no shield)
rNeg     + + +     Faith    .   b - +0 scale mail
rPois    ∞         Spirit   +   (no helmet)
rElec    .         Reflect  .   (no cloak)
rCorr    .         Harm     .   (no gloves)
MR       .....                  (no boots)
Stlth    ..........             (no amulet)
HPRegen  0.07/turn              e - +4 ring of strength
MPRegen  0.08/turn              h - ring of see invisible (curse)

@: no status effects
A: no food or potions, cold resistance 1, deterioration 1, negative energy
resistance 3, torment resistance, unbreathing, magic shield, sturdy frame 1,
spell healing
a: no special abilities


You were on level 2 of the Dungeon.
You were not hungry.

You visited 1 branch of the dungeon, and saw 2 of its levels.

You collected 86 gold pieces.

Inventory:

Hand Weapons
 a - a +0 war axe (weapon)
Missiles
 l - 388 stones (quivered)
Armour
 b - a +0 scale mail (worn)
 c - a +0 medium shield
Jewellery
 e - a +4 ring of strength (left hand)
 h - a cursed ring of see invisible (right hand)
Wands
 m - a wand of polymorph (8)
Scrolls
 d - 5 scrolls of identify {unknown}
 f - a scroll of immolation {unknown}
 g - a scroll of enchant armour {unknown}
 i - a scroll of remove curse {unknown}
 j - a scroll of fog {unknown}
 k - a scroll of fear {unknown}
 n - a scroll of magic mapping {unknown}


   Skills:
 * Level 3.6 Fighting
 * Level 3.3 Axes
 + Level 3.5 Armour
 + Level 0.0 Dodging
 - Level 4.0 Shields


You had 2 spell levels left.
You didn't know any spells.
Your spell library was empty.

Dungeon Overview and Level Annotations

Branches:
Dungeon (2/12)

Altars:


Innate Abilities, Weirdness & Mutations

You do not eat or drink.
You are immune to poison.
Your flesh is cold resistant. (rC+)
Your body sometimes deteriorates upon taking damage.
You are immune to negative energy. (rN+++)
You are immune to unholy pain and torment.
You can survive without breathing.
When hurt, damage is shared between your health and your magic reserves.
Your movements are slightly less encumbered by armour. (ER -2)
Casting spells heals you.


Message History

Press: ? - help, Shift-Dir - straight line, f/p - kobold
Aim: a kobold, wielding a +0 dagger and quivering a stone You throw a stone.
The stone barely misses the kobold.
The stone closely misses the gnoll.
The gnoll shouts!
You hear a shout!
The kobold throws a stone.
The stone hits you.
Throwing (i - inventory)
l - 393 stones (quivered)
Press: ? - help, Shift-Dir - straight line, f/p - kobold
Aim: a kobold, wielding a +0 dagger You throw a stone.
The stone closely misses the kobold.
The stone barely misses the gnoll.
Throwing (i - inventory)
l - 392 stones (quivered)
Press: ? - help, Shift-Dir - straight line, f/p - kobold
Aim: a kobold, wielding a +0 dagger You throw a stone.
The stone closely misses the kobold.
The stone hits the gnoll but does no damage.
Throwing (i - inventory)
l - 391 stones (quivered)
Press: ? - help, Shift-Dir - straight line, f/p - kobold
Aim: a kobold, wielding a +0 dagger You throw a stone.
The stone hits the kobold.
The kobold is moderately wounded.
Throwing (i - inventory)
l - 390 stones (quivered)
Press: ? - help, Shift-Dir - straight line, f/p - kobold
Aim: a kobold, wielding a +0 dagger (moderately wounded)
You throw a stone.
The stone hits the kobold but does no damage.
The kobold is moderately wounded.
Throwing (i - inventory)
l - 389 stones (quivered)
Press: ? - help, Shift-Dir - straight line, f/p - kobold
Aim: a kobold, wielding a +0 dagger (moderately wounded)
You throw a stone.
The stone hits the kobold but does no damage.
The kobold is moderately wounded.
A gnoll comes into view. It is wielding a +0 spear.
You hit the kobold.
The kobold is severely wounded.
The kobold misses you.
You hit the kobold but do no damage.
The kobold is severely wounded.
The kobold hits you with a +0 dagger. The kobold hits you but does no damage.
You hit the kobold.
You kill the kobold!
You closely miss the gnoll.
The gnoll hits you from afar with a +0 spear.
You hit the gnoll.
The gnoll is moderately wounded.
The gnoll hits you with a +0 whip. The gnoll closely misses you.
The gnoll hits you with a +0 whip.
Your scale mail prevents you from hitting the gnoll.
The gnoll is moderately wounded.
The gnoll hits you but does no damage. The gnoll barely misses you.
The gnoll hits you but does no damage.
You hit the gnoll.
The gnoll is heavily wounded.
The gnoll closely misses you.
The gnoll hits you from afar with a +0 spear.
Your body deteriorates!
You feel weakened.
You are too injured to fight recklessly!
You are too injured to fight recklessly!
You are too injured to fight recklessly!
You are too injured to fight recklessly!
You are too injured to fight recklessly!
You are too injured to fight recklessly!
You are too injured to fight recklessly!
You are too injured to fight recklessly!
You are too injured to fight recklessly!
You are too injured to fight recklessly!
You are too injured to fight recklessly!
You are too injured to fight recklessly!
You are too injured to fight recklessly!
You are too injured to fight recklessly!
You are too injured to fight recklessly!
You are too injured to fight recklessly!
You are too injured to fight recklessly!
You are too injured to fight recklessly!
You are too injured to fight recklessly!
You are too injured to fight recklessly!
You are too injured to fight recklessly!
You are too injured to fight recklessly!
You are too injured to fight recklessly!
You are too injured to fight recklessly!
You are too injured to fight recklessly!
You are too injured to fight recklessly!
You are too injured to fight recklessly!
You are too injured to fight recklessly!
You are too injured to fight recklessly!
The gnoll barely misses you. The gnoll hits you but does no damage.
Things that are here:
a +0 dagger; 17 gold pieces; a kobold corpse You hit the gnoll.
The gnoll is moderately wounded.
You hit the gnoll but do no damage. The gnoll hits you with a +0 whip.
* * * LOW HITPOINT WARNING * * *
The gnoll hits you but does no damage. The gnoll hits you with a +0 whip.
* * * LOW HITPOINT WARNING * * *
You hit the gnoll.
The gnoll is heavily wounded.
You closely miss the gnoll. The gnoll hits you but does no damage.
The gnoll barely misses you. The gnoll hits you with a +0 spear.
You die...

##### #...# #...# #...#
#...#
#.###########..g#####...
................@g......
#+####.#############...
#.# .... #.# ....
#.###### .... #......#
....###......#
.....##......#
.....##.######


You could see 2 gnolls.

Vanquished Creatures
  An ooze (D:2)
  2 worms
  A dart slug (D:2)
  A leopard gecko (D:1)
  2 giant cockroaches (D:1)
  5 goblins
  3 hobgoblins
  2 jackals (D:1)
  3 bats
  2 giant cockroach zombies (D:1)
  4 kobolds
  4 rats (D:1)
30 creatures vanquished.

Notes
Turn   | Place    | Note
-------+----------+-------------------------------------------
     0 | D:1      | MisterOstroum the Skeleton Fighter began the quest for the
                  | Orb.
     0 | D:1      | Reached XP level 1. HP: 14/14 MP: 1/1
    78 | D:1      | Reached XP level 2. HP: 14/19 MP: 2/2
   738 | D:2      | Reached XP level 3. HP: 21/23 MP: 3/3
   769 | D:2      | Reached skill level 4 in Shields
  1132 | D:2      | Slain by a gnoll

Skill      XL: |  1  2  3 |
---------------+----------+-----
Axes           | 3 |  3.3
Shields        | 4 |  4.0
Fighting       | |  3.6
Armour         | |  3.5

Action                   || total
-------------------------++-------
Melee: War axe           ||    83
Throw: Stone             ||     9
Armor: Scale mail        ||    53
Dodge: Dodged            ||    50
Block: Medium shield     ||    22
